2277 views
Uploaded 2021-08-11 11:51:26
Game version 1.32.10
17:55 long 1on1 ladder game on (2)Amazonia
Saved by aom
2277 views
Uploaded 2021-08-11 11:51:26
Game version 1.32.10
17:55 long 1on1 ladder game on (2)Amazonia

/ 0.5k
25 buildings @ 3.6k
/ 1.7k


| Peon | 6 | 450 | / | 0 |
| Grunt | 6 | 1200 | / | 0 |
| Troll Headhunter | 6 | 840 | / | 120 |
| Raider | 5 | 900 | / | 200 |
| Wind Rider | 1 | 265 | / | 40 |
| Goblin Shredder | 1 | 375 | / | 100 |
| total: | 25 | 4030g | / | 460w |
| Watch Tower | 8 | 880 | / | 640 |
| Altar of Storms | 1 | 180 | / | 50 |
| Barracks | 1 | 180 | / | 50 |
| Orc Burrow | 10 | 1600 | / | 400 |
| War Mill | 1 | 205 | / | 0 |
| Beastiary | 2 | 290 | / | 280 |
| Tauren Totem | 2 | 270 | / | 310 |
| Stronghold | 1 | 315 | / | 190 |
| Fortress | 1 | 325 | / | 190 |
| total: | 25 | 3605g | / | 1730w |
| 0:21 | Peon |
| 0:22 | Peon |
| 0:31 | Peon |
| 0:46 | Altar of Storms |
| 0:57 | Barracks |
| 1:13 | Orc Burrow |
| 1:14 | Orc Burrow |
| 1:17 | Peon |
| 1:18 | Peon |
| 2:19 | Orc Burrow |
| 2:21 | Grunt |
| 2:22 | Grunt |
| 2:25 | Grunt |
| 2:45 | Peon |
| 3:04 | War Mill |
| 3:09 | Chain Lighting |
| 3:18 | Orc Burrow |
| 3:48 | Stronghold |
| 4:21 | Troll Headhunter |
| 4:21 | Troll Headhunter |
| 5:01 | Troll Headhunter |
| 5:02 | Troll Headhunter |
| 5:08 | Orc Burrow |
| 5:28 | Steel Melee Weapons |
| 5:28 | Steel Armor |
| 5:40 | Steel Ranged Weapons |
| 6:23 | Feral Spirit |
| 6:44 | Watch Tower |
| 6:46 | Watch Tower |
| 6:53 | Spiked Barricades |
| 7:28 | War Stomp |
| 7:50 | Goblin Shredder |
| 8:02 | Troll Headhunter |
| 8:03 | Grunt |
| 8:39 | Beastiary |
| 8:48 | Tauren Totem |
| 9:24 | Endurance Aura |
| 10:31 | Chain Lighting |
| 10:42 | Beastiary |
| 10:49 | Tauren Totem |
| 10:51 | Thorium Melee Weapons |
| 10:51 | Thorium Armor |
| 10:52 | Thorium Ranged Weapons |
| 10:52 | Improved Spiked Barricades |
| 11:03 | Watch Tower |
| 11:04 | Watch Tower |
| 12:01 | Orc Burrow |
| 12:02 | Orc Burrow |
| 12:06 | Raider |
| 12:06 | Raider |
| 12:07 | Raider |
| 12:07 | Ensnare |
| 12:17 | Troll Headhunter |
| 12:17 | Grunt |
| 13:08 | Orc Burrow |
| 13:10 | Orc Burrow |
| 13:11 | Orc Burrow |
| 13:33 | Reinforced Defenses |
| 13:52 | Watch Tower |
| 13:53 | Watch Tower |
| 13:54 | Watch Tower |
| 13:58 | Watch Tower |
| 14:46 | Fortress |
| 14:56 | Grunt |
| 15:52 | War Stomp |
| 16:34 | Wind Rider |
| 16:35 | Raider |
| 16:39 | Raider |
| Select | 181 |
| Right click | 146 |
| Build/train/purchase | 55 |
| Use ability | 15 |
34 units @ 5.3k
/ 0.6k
15 buildings @ 2.4k
/ 0.9k



| Rod of Necromancy | 3 | 450 |
| Ritual Dagger | 1 | 125 |
| Orb of Corruption | 1 | 375 |
| Potion of Healing | 1 | 150 |
| Scroll of Healing | 4 | 1000 |
| Potion of Lesser Invulnerability | 1 | 150 |
| Scroll of Protection | 1 | 150 |
| Boots of Speed | 1 | 250 |
| total: | 13 | 2650g |
| Acolyte | 9 | 675 | / | 0 |
| Ghoul | 11 | 1320 | / | 0 |
| Crypt Fiend | 4 | 860 | / | 160 |
| Obsidian Statue | 3 | 600 | / | 105 |
| Frost Wyrm | 2 | 770 | / | 240 |
| Goblin Shredder | 1 | 375 | / | 100 |
| Forest Troll Shadow Priest | 2 | 390 | / | 20 |
| Mud Golem | 2 | 290 | / | 20 |
| total: | 34 | 5280g | / | 645w |
| Nerubian Tower | 1 | 100 | / | 20 |
| Altar of Darkness | 1 | 180 | / | 50 |
| Ziggurat | 6 | 900 | / | 300 |
| Crypt | 1 | 200 | / | 50 |
| Tomb of Relics | 2 | 260 | / | 60 |
| Graveyard | 1 | 215 | / | 0 |
| Necropolis | 1 | 225 | / | 0 |
| Sacrificial Pit | 1 | 75 | / | 150 |
| Slaughterhouse | 1 | 140 | / | 135 |
| Boneyard | 1 | 175 | / | 200 |
| Halls of the Dead | 1 | 320 | / | 210 |
| Black Citadel | 1 | 325 | / | 230 |
| total: | 15 | 2370g | / | 945w |
| 0:07 | Altar of Darkness |
| 0:07 | Acolyte |
| 0:09 | Ziggurat |
| 0:12 | Acolyte |
| 0:34 | Crypt |
| 0:50 | Acolyte |
| 1:07 | Tomb of Relics |
| 1:33 | Graveyard |
| 1:36 | Ghoul |
| 1:43 | Ghoul |
| 2:03 | Ghoul |
| 2:08 | Rod of Necromancy |
| 2:11 | Sleep |
| 2:30 | Ghoul |
| 2:35 | Cannibalize |
| 2:47 | Halls of the Dead |
| 3:22 | Ziggurat |
| 4:14 | Unholy Strength |
| 4:17 | Vampiric Aura |
| 4:19 | Ghoul |
| 4:19 | Ghoul |
| 4:19 | Ghoul |
| 4:39 | Ziggurat |
| 5:04 | Vampiric Aura |
| 5:15 | Ghoul |
| 5:31 | Rod of Necromancy |
| 5:31 | Ritual Dagger |
| 5:55 | Black Citadel |
| 6:09 | Impale |
| 6:15 | Goblin Shredder |
| 6:41 | Unholy Armor |
| 7:21 | Scroll of Healing |
| 7:32 | Potion of Lesser Invulnerability |
| 7:38 | Web |
| 7:38 | Burrow |
| 8:12 | Ziggurat |
| 8:14 | Sacrificial Pit |
| 8:18 | Ghoul Frenzy |
| 8:29 | Spiked Carapace |
| 8:32 | Forest Troll Shadow Priest |
| 8:33 | Mud Golem |
| 8:57 | Scroll of Protection |
| 9:04 | Crypt Fiend |
| 10:09 | Unholy Aura |
| 10:24 | Acolyte |
| 10:25 | Acolyte |
| 10:25 | Acolyte |
| 10:28 | Crypt Fiend |
| 10:29 | Crypt Fiend |
| 11:04 | Forest Troll Shadow Priest |
| 11:04 | Mud Golem |
| 11:10 | Sleep |
| 11:30 | Necropolis |
| 11:34 | Acolyte |
| 11:39 | Acolyte |
| 11:39 | Acolyte |
| 11:55 | Scroll of Healing |
| 12:12 | Improved Unholy Strength |
| 13:05 | Boneyard |
| 13:11 | Slaughterhouse |
| 13:13 | Ziggurat |
| 13:18 | Ziggurat |
| 13:22 | Tomb of Relics |
| 13:38 | Orb of Corruption |
| 13:41 | Rod of Necromancy |
| 13:48 | Potion of Healing |
| 14:00 | Crypt Fiend |
| 14:10 | Nerubian Tower |
| 14:15 | Destroyer Form |
| 14:15 | Obsidian Statue |
| 14:21 | Frost Wyrm |
| 14:37 | Death Coil |
| 14:57 | Impale |
| 15:04 | Obsidian Statue |
| 15:06 | Frost Wyrm |
| 15:08 | Ghoul |
| 15:37 | Scroll of Healing |
| 16:36 | Obsidian Statue |
| 16:37 | Ghoul |
| 16:37 | Ghoul |
| 16:45 | Scroll of Healing |
| 16:47 | Boots of Speed |
| 17:17 | Death Coil |
| 17:24 | Creature Attack |
| 17:52 | Vampiric Aura |
| Select group | 839 |
| Right click | 538 |
| Select | 447 |
| Misc. action | 118 |
| Build/train/purchase | 104 |
| Assign group | 31 |
| Use ability | 27 |
| Item give/drop | 8 |
| Remove unit | 5 |